 Dungeon Crawl Stone Soup version 0.29.1-12-g30fa7ad0bf (webtiles) character file.

Game seed: 10157733456136885732

207 cheesebisquit the Chopper (level 5, -5/70 HPs)
             Began as a Minotaur Berserker on Dec 14, 2022.
             Was a Priest of Trog.
             Slain by a gnoll sergeant
             ... wielding a +0 trident
              (7 damage)
             ... on level 4 of the Dungeon.
             The game lasted 00:10:27 (2960 turns).

cheesebisquit the Chopper (Minotaur Berserker)      Turns: 2960, Time: 00:10:28

Health: -5/70      AC: 14    Str: 24    XL:     5   Next: 54%
Magic:  4/4        EV:  7    Int:  4    God:    Trog [***...]
Gold:   68         SH:  7    Dex:  9    Spells: 4/4 levels left

rFire   . . .      SeeInvis .   a - +0 hand axe
rCold   . . .      Faith    .   p - +1 kite shield {rPois}
rNeg    . . .      Spirit   .   t - +0 chain mail
rPois   +          Reflect  .   s - +1 hat
rElec   .          Harm     .   (no cloak)
rCorr   +          Rampage  .   (no gloves)
Will    ++...                   (no boots)
Stlth   ..........              (no amulet)
HPRegen 1.21/turn               e - +4 ring of protection
MPRegen 0.09/turn               o - ring of resist corrosion

@: berserking, strong-willed (expiring), regenerating (expiring), very quick
A: horns 2, retaliatory headbutt
a: Renounce Religion, Berserk, Trog's Hand


You were on level 4 of the Dungeon.
You worshipped Trog.
Trog was most pleased with you.
You visited 1 branch of the dungeon, and saw 4 of its levels.

You collected 203 gold pieces.
You spent 135 gold pieces at shops.

Inventory:

Hand Weapons
 a - a +0 hand axe (weapon)
Missiles
 g - 11 stones (quivered)
Armour
 f - a +0 ring mail
 p - a +1 kite shield of poison resistance (worn)
 s - a +1 hat (worn)
 t - a +0 chain mail (worn)
Jewellery
 d - a ring of magical power
 e - a +4 ring of protection (left hand)
 o - a ring of resist corrosion (right hand)
Scrolls
 b - a scroll of blinking {unknown}
 c - a scroll of enchant armour {unknown}
 k - a scroll of teleportation {unknown}
 m - 4 scrolls of identify {unknown}
 n - a scroll of amnesia {unknown}
 q - a scroll of butterflies {unknown}
Potions
 h - a potion of might {unknown}
 i - a potion of lignification {unknown}
 j - 2 potions of curing {unknown}
 l - a potion of degeneration {unknown}
 r - a potion of haste {unknown}


   Skills:
 - Level 4.3 Fighting
 + Level 6.4 Axes
 - Level 3.3 Armour
 - Level 3.0 Dodging


You had 4 spell levels left.
You didn't know any spells.
Your spell library was empty.

Dungeon Overview and Level Annotations

Branches:
Dungeon (4/15)
 Temple: D:4-7

Altars:
Ashenzari
Dithmenos
Elyvilon
Gozag
Ru
Trog
Yredelemnul

Shops:
D:3 [=*

Annotations:
D:3 2 transporters, DandyGuy's ghost, amateur MiBe


Innate Abilities, Weirdness & Mutations

You have a pair of horns on your head.
You reflexively headbutt those who attack you in melee.


Message History

The gnoll sergeant hits you from afar with a +0 trident!
* * * LOW HITPOINT WARNING * * *
The gnoll hits you but does no damage.
Your skin crawls.
You feel strong-willed.
You feel sick.
The gnoll sergeant hits you from afar with a +0 trident.
* * * LOW HITPOINT WARNING * * *
You block the gnoll's attack. x2
A red film seems to cover your vision as you go berserk!
You feel yourself moving faster!
You feel mighty!
You feel sick. The gnoll sergeant barely misses you.
The gnoll hits you but does no damage. x2
You slash the gnoll!
The gnoll is severely wounded.
You feel sick.
The gnoll sergeant hits you from afar with a +0 trident!
* * * LOW HITPOINT WARNING * * *
The gnoll barely misses you. The gnoll hits you but does no damage.
You slash the gnoll!
You kill the gnoll!
Trog accepts your kill.
The gnoll sergeant hits you from afar with a +0 trident.
* * * LOW HITPOINT WARNING * * *
The gnoll closely misses you.
You slash the gnoll!
You kill the gnoll!
Trog accepts your kill.
You feel sick.
Found a stone staircase leading down and a stone staircase leading up.
You feel the effects of Trog's Hand fading.
You feel sick. You block the gnoll sergeant's attack.
The gnoll hits you but does no damage.
Items here: ))) †.
You slash the gnoll!
You kill the gnoll!
Trog accepts your kill.
You hit the gnoll sergeant.
You feel sick.
You are no longer poisoned.
The gnoll sergeant hits you with a +0 trident!
You die...

##.[...................
..)............##.####.
##.######.#.#### #
#.#.# #.#.# #.#.# #.#.#
#.#.# #.#@#
#....:g).......
.....#.....#### #...
..###.# .<> ..# .# ..
... # . ...# #.#.


You could see a gnoll sergeant.

Vanquished Creatures
  A hound (D:3)
  Jessica (D:2)
  Robin (D:2)
  5 gnolls
  An adder (D:3)
  A dart slug (D:1)
  3 orcs (D:3)
  8 ball pythons
  7 bats
  7 endoplasms
  5 giant cockroaches (D:1)
  13 goblins
  7 hobgoblins
  3 jackals (D:3)
  5 quokkas
  7 frilled lizards
  5 kobolds
  4 rats
84 creatures vanquished.

Vanquished Creatures (others)
  A fungus (D:1)
  2 plants (D:1)
3 creatures vanquished.

Grand Total: 87 creatures vanquished

Notes
Turn   | Place    | Note
-------+----------+-------------------------------------------
     0 | D:1      | cheesebisquit the Minotaur Berserker began the quest for
                  | the Orb.
     0 | D:1      | Reached XP level 1. HP: 19/19 MP: 0/0
   112 | D:1      | Reached XP level 2. HP: 27/27 MP: 1/1
   193 | D:1      | Found a faded altar of an unknown god.
   198 | D:1      | Reached skill level 4 in Axes
   414 | D:1      | Reached XP level 3. HP: 27/33 MP: 2/2
   916 | D:1      | Reached ** piety under Trog
   966 | D:2      | Noticed Jessica
   969 | D:2      | Killed Jessica
   970 | D:2      | Reached XP level 4. HP: 27/41 MP: 3/3
  1641 | D:3      | Noticed Robin
  1773 | D:2      | Killed Robin
  1774 | D:2      | Reached skill level 5 in Axes
  2130 | D:3      | Found Ututt's Assorted Antiques.
  2137 | D:3      | Reached *** piety under Trog
  2147 | D:3      | Found a transporter.
  2152 | D:3      | Noticed DandyGuy's ghost (amateur MiBe)
  2163 | D:3      | Found Emikaw Mull's Armour Shoppe.
  2234 | D:3      | Found Urchomi's Armour Boutique.
  2246 | D:3      | Reached XP level 5. HP: 36/47 MP: 4/4
  2317 | D:3      | Bought a +1 kite shield of poison resistance for 135 gold
                  | pieces
  2334 | D:3      | Found a transporter.
  2490 | D:3      | Found Fiffoe's Jewellery Boutique.
  2626 | D:3      | Reached skill level 6 in Axes
  2641 | D:3      | Found an opulent altar of Gozag.
  2648 | D:3      | Found a shadowy altar of Dithmenos.
  2654 | D:3      | Found a bloodstained altar of Trog.
  2663 | D:3      | Found a basalt altar of Yredelemnul.
  2669 | D:3      | Found a broken altar of Ashenzari.
  2677 | D:3      | Found a white marble altar of Elyvilon.
  2682 | D:3      | Found a sacrificial altar of Ru.
  2957 | D:4      | HP: 2/70 [gnoll sergeant/+0 trident (3)]
  2960 | D:4      | Slain by a gnoll sergeant

Illustrated notes

Levels and vault maps discovered:
D:1:      psy_arrival_spokes, layout_rooms,
          shapermc_ecumenical_altar_mp_ritualfount, kennysheep_small_spiral,
          minmay_surrounded
D:2:      layout_basic, uniq_jessica
D:3:      layout_rooms, grunt_temple_overflow_octagram, serial_shops,
          nicolae_shop_crystal, nicolae_shop_advertising_works
          [nicolae_subvault_shop_adworks], nicolae_square_shop, shop_fountains,
          gammafunk_ghost_mausoleum, uniq_robin
D:4:      layout_loops_ring

Skill      XL: |  1  2  3  4  5 |
---------------+----------------+-----
Fighting       | 4 |  4.3
Axes           | 4 5 6 |  6.4
Armour         | 3 |  3.3
Dodging        | 3 |  3.0

Action                   |  1- 3 |  4- 6 || total
-------------------------+-------+-------++-------
Melee: Hand axe          |    50 |   105 ||   155
       Headbutt          |     5 |    17 ||    22
       Punch             |       |     1 ||     1
Invok: Berserk           |       |     1 ||     1
       Trog's Hand       |       |     1 ||     1
Armor: Animal skin       |     6 |       ||     6
       Ring mail         |     8 |    61 ||    69
       Chain mail        |       |    12 ||    12
Dodge: Dodged            |    43 |    85 ||   128
Block: Kite shield       |       |     9 ||     9
